 Dungeon Crawl Stone Soup version 0.25.0-45-g9783441 (webtiles) character file.

Game seed: 10320334056617037906

377841 Illumine the Omniscient (level 22, -10/173 HPs)
             Began as a Gnoll Ice Elementalist on July 15, 2020.
             Was the Champion of Ashenzari.
             Mangled by a tentacled starspawn (14 damage)
             ... on level 3 of the Abyss on July 16, 2020.
             The game lasted 04:15:30 (74135 turns).

Illumine the Omniscient (Gnoll Ice Elementalist)   Turns: 74135, Time: 04:15:31

Health: -10/173    AC: 11    Str: 11    XL:     22   Next: 81%
Magic:  35/50      EV: 24    Int: 23    God:    Ashenzari [******]
Gold:   5951       SH: 23    Dex: 22    Spells: 4/51 levels left

rFire    + + .     SeeInvis +   R - staff of cold (curse)
rCold    + + .     Gourm    .   L - +4 kite shield "Nedalim" {rPois rF+ rCorr} (curse)
rNeg     . . .     Faith    .   w - +2 robe {Archmagi}
rPois    +         Spirit   .   G - +2 hat {SInv}
rElec    +         Reflect  +   a - scarf {rC+ rF+}
rCorr    +         Harm     .   t - +0 pair of gloves of Limited Liability {rElec}
MR       +....     Clarity  +   n - +1 pair of boots
Stlth    ++++++....             b - amulet of reflection (curse)
HPRegen  0.00/turn              k - ring of wizardry (curse)
MPRegen  0.32/turn              S - ring of Inimp {rPois MP+9 Dex+4}

@: non-regenerating, diseased, constricted
A: distributed training, fangs 1, dopey 1, subdued magic 1, strong nose
}: 2/15 runes: decaying, gossamer
a: Curse Item, Scrying, Renounce Religion


You were on level 3 of the Abyss.
You worshipped Ashenzari.
Ashenzari was exalted by your worship.
You were very hungry.

You visited 9 branches of the dungeon, and saw 43 of its levels.
You visited the Abyss 1 time.
You also visited: Sewer, Bailey and Ice Cave.

You collected 7180 gold pieces.
You spent 1229 gold pieces at shops.

Inventory:

Missiles
 X - 4 silver boomerangs (quivered)
Armour
 a - a scarf of resistance (worn)
 n - a +1 pair of boots (worn)
 t - the +0 pair of gloves of Limited Liability (worn) {rElec}
   (You bought it in a shop on level 2 of the Vaults)

   It insulates you from electricity.
 w - a +2 robe of the Archmagi (worn)
 G - a +2 hat of see invisible (worn)
 L - the cursed +4 kite shield "Nedalim" (worn) {rPois rF+ rCorr}
   (You took it off a vampire on level 12 of the Dungeon)

   It protects you from fire.
   It protects you from poison.
   It provides partial protection from all sources of acid and corrosion.
   It has a curse placed upon it.
 O - the +8 fire dragon scales of Ciselut {rF++ rC- Str+7}
   (You took it off a deep elf master archer on level 3 of the Elven Halls)

   It affects your strength (+7).
   It greatly protects you from fire.
   It makes you vulnerable to cold.
Magical Staves
 R - a cursed staff of cold (weapon)
Jewellery
 b - a cursed amulet of reflection (around neck)
 k - a cursed ring of wizardry (left hand)
 A - a cursed ring of positive energy
 S - the ring of Inimp (right hand) {rPois MP+9 Dex+4}
   (You took it off a deep elf master archer on level 3 of the Elven Halls)

   [ring of magical power]

   It affects your dexterity (+4).
   It protects you from poison.
   It affects your magic capacity (+9).
 U - the amulet of Seiwier {Spirit rElec rN+ Str+2}
   (You took it off a deep elf mage on level 3 of the Elven Halls)

   [amulet of guardian spirit]

   It causes incoming damage to be split between your health and magic.
   It affects your strength (+2).
   It insulates you from electricity.
   It protects you from negative energy.
Wands
 r - a wand of enslavement (18)
 z - a wand of disintegration (12)
 B - a wand of clouds (9)
 C - a wand of digging (12)
 H - a wand of paralysis (31)
 I - a wand of acid (20)
 Z - a wand of polymorph (39)
Scrolls
 g - 7 scrolls of fog
 o - 7 scrolls of remove curse
 s - 7 scrolls of immolation
 u - 2 scrolls of holy word
 v - 20 scrolls of teleportation
 x - 21 scrolls of identify
 y - 2 scrolls of silence
 D - 7 scrolls of blinking
 E - 2 scrolls of fear
 J - 11 scrolls of magic mapping
 W - a scroll of enchant armour
 Y - 3 scrolls of summoning
Potions
 d - 12 potions of brilliance
 e - 12 potions of heal wounds
 f - 7 potions of invisibility
 l - 5 potions of cancellation
 m - 8 potions of ambrosia
 p - 9 potions of haste
 q - 4 potions of might
 F - 13 potions of curing
 N - 3 potions of mutation
 P - 6 potions of resistance
 T - 6 potions of magic
 V - 11 potions of flight
Miscellaneous
 K - 3 boxes of beasts
 M - 3 phantom mirrors
Comestibles
 c - 42 rations
 h - 4 chunks of flesh


   Skills:
 + Level 14.5 Fighting
 + Level 14.5 Short Blades
 + Level 14.5 Long Blades
 + Level 14.5 Axes
 + Level 14.5 Maces & Flails
 + Level 14.5 Polearms
 + Level 14.5(17.1) Staves
 + Level 14.5 Slings
 + Level 14.5 Bows
 + Level 14.5 Crossbows
 + Level 14.5 Throwing
 + Level 14.5 Armour
 + Level 15.1 Dodging
 + Level 15.0 Stealth
 + Level 14.5(17.1) Shields
 + Level 14.5 Unarmed Combat
 + Level 15.2 Spellcasting
 + Level 12.5(15.2) Conjurations
 + Level 12.5(15.2) Hexes
 + Level 12.5(15.2) Charms
 + Level 12.5(15.2) Summonings
 + Level 12.5(15.2) Necromancy
 + Level 12.5(15.2) Translocations
 + Level 12.5(15.2) Transmutations
 + Level 12.5(15.2) Fire Magic
 + Level 14.0(16.6) Ice Magic
 + Level 12.5(15.2) Air Magic
 + Level 12.5(15.2) Earth Magic
 + Level 12.5(15.2) Poison Magic
 + Level 15.7 Invocations
 + Level 14.5(18.5) Evocations


You had 4 spell levels left.
You knew the following spells:

 Your Spells              Type           Power        Failure   Level  Hunger
a - Freeze                Ice            ####         0%          1    None
b - Frozen Ramparts       Ice            ######       0%          3    None
c - Ozocubu's Armour      Chrm/Ice       ########     0%          3    None
d - Yara's Violent Unrav  Hex/Tmut       #######...   1%          5    ##.....
e - Spellforged Servitor  Conj/Summ      #######...   1%          7    ######.
f - Malign Gateway        Summ/Tloc      #######...   1%          7    ######.
g - Summon Lightning Spi  Summ/Air       #######.     1%          4    None
h - Iron Shot             Conj/Erth      #######...   1%          6    ####...
i - Apportation           Tloc           ######       0%          1    None
j - Invisibility          Hex            #######.     1%          6    ####...
k - Airstrike             Air            #######...   1%          4    None

Your spell library contained the following spells:

 Spells                   Type           Power        Failure   Level  Hunger
 Animate Skeleton         Necr           N/A          0%          1    None
 Beastly Appendage        Tmut           ######       0%          1    None
 Corona                   Hex            #######      0%          1    None
 Foxfire                  Conj/Fire      ####         0%          1    None
 Pain                     Necr           ####         0%          1    None
 Shock                    Conj/Air       ####         0%          1    None
 Sting                    Tmut/Pois      ####         0%          1    None
 Summon Butterflies       Summ           #######.     0%          1    None
 Summon Small Mammal      Summ           ####         0%          1    None
 Call Imp                 Summ           #######.     0%          2    None
 Corpse Rot               Necr/Air       N/A          0%          2    None
 Ensorcelled Hibernation  Hex/Ice        ######       0%          2    None
 Poisonous Vapours        Pois/Air       ######       0%          2    None
 Searing Ray              Conj           ######       0%          2    None
 Sticks to Snakes         Tmut           #######.     0%          2    None
 Sublimation of Blood     Necr           #######...   0%          2    None
 Swiftness                Chrm/Air       #######.     0%          2    None
 Call Canine Familiar     Summ           #######.     0%          3    None
 Conjure Flame            Conj/Fire      #######.     0%          3    None
 Ignite Poison            Fire/Tmut/Pois #######.     0%          3    None
 Inner Flame              Hex/Fire       #######.     0%          3    None
 Lesser Beckoning         Tloc           #######...   0%          3    None
 Mephitic Cloud           Conj/Pois/Air  #######.     0%          3    None
 Spider Form              Tmut/Pois      #######...   0%          3    None
 Static Discharge         Conj/Air       #######.     0%          3    None
 Stone Arrow              Conj/Erth      ######       0%          3    None
 Summon Guardian Golem    Hex/Summ       #######.     0%          3    None
 Tukima's Dance           Hex            #######.     0%          3    None
 Vampiric Draining        Necr           #######...   0%          3    None
 Hailstorm                Conj/Ice       ########     0%          4    None
 Ice Form                 Ice/Tmut       ########     0%          4    None
 Summon Ice Beast         Ice/Summ       ########     0%          4    None
 Animate Dead             Necr           N/A          1%          4    None
 Dispel Undead            Necr           #######.     1%          4    None
 Iskenderun's Mystic Bla  Conj/Tloc      #######.     1%          4    None
 Sticky Flame             Conj/Fire      #######.     1%          4    None
 Agony                    Necr           #######.     1%          5    ##.....
 Alistair's Intoxication  Tmut/Pois      #######.     1%          5    ##.....
 Aura of Abjuration       Summ           #######...   1%          5    ##.....
 Blade Hands              Tmut           #######...   1%          5    ##.....
 Bolt of Magma            Conj/Fire/Erth #######...   1%          5    ##.....
 Excruciating Wounds      Chrm/Necr      #######...   1%          5    ##.....
 Fireball                 Conj/Fire      #######...   1%          5    ##.....
 Irradiate                Conj/Tmut      #######...   1%          5    ##.....
 Iskenderun's Battlesphe  Conj/Chrm      #######.     1%          5    ##.....
 Lightning Bolt           Conj/Air       #######...   1%          5    ##.....
 Metabolic Englaciation   Hex/Ice        ########..   1%          5    ##.....
 Silence                  Hex/Air        #######...   1%          5    ##.....
 Summon Forest            Summ/Tloc      #######...   1%          5    ##.....
 Summon Mana Viper        Hex/Summ       #######.     1%          5    ##.....
 Freezing Cloud           Conj/Ice/Air   ########..   1%          6    ####...
 Hydra Form               Tmut           #######...   1%          6    ####...
 Ozocubu's Refrigeration  Ice            ########..   1%          6    ####...
 Simulacrum               Ice/Necr       ########..   1%          6    ####...
 Starburst                Conj/Fire      #######...   1%          6    ####...
 Statue Form              Tmut/Erth      #######..    1%          6    ####...
 Dragon Form              Tmut           #######...   1%          7    ######.
 Orb of Destruction       Conj           #######...   1%          7    ######.
 Ring of Flames           Chrm/Fire      #######...   1%          7    ######.
 Summon Hydra             Summ           #######...   1%          7    ######.
 Ignition                 Fire           #######...   14%         8    #######
 Shatter                  Erth           #######...   90%         9    #######
 Tornado                  Air            #######...   90%         9    #######


Dungeon Overview and Level Annotations

Branches:
Dungeon (15/15)            Temple (1/1) D:4            Lair (6/6) D:9
  Swamp (4/4) Lair:4       Spider (4/4) Lair:2        Slime (0/5) Lair:6
    Orc (2/2) D:9             Elf (3/3) Orc:2        Vaults (3/5) D:13
  Crypt (0/3) Vaults:3     Depths (5/5) D:15            Zot (0/5) Depths:5
  Sewer (visited)          Bailey (visited)           IceCv (visited)

Altars:
Ashenzari
Cheibriados
Dithmenos
Elyvilon
Fedhas
Gozag
Hepliaklqana
Kikubaaqudgha
Makhleb
Nemelex Xobeh
Okawaru
Qazlal
Ru
Sif Muna
Trog
Uskayaw
Vehumet
Wu Jian
Xom
Yredelemnul
Zin
The Shining One
Lugonu

Shops:
D:7 [   D:9 **   D:13 ?   Orc:2 (((%   Elf:2 ?   Elf:3 *   Vaults:2 [

Portals:
Hell: Depths:1 Depths:2 Depths:3 Depths:4 Depths:5
Abyss: Depths:2 Depths:4 Depths:5
Pandemonium: Depths:1 Depths:2 Depths:3
Ziggurat: Depths:3
Trove: Depths:4 (show abyssal rune of Zot)

Annotations:
Elf:2 3 runed translucent doors
Vaults:3 Jory
Depths:1 Bai Suzhen


Innate Abilities, Weirdness & Mutations

Your experience applies equally to all skills.
You have very sharp teeth.
Your uncanny sense of smell can sniff out nearby items.
You are dopey. (Int -2)
Your spells are a little easier to cast, but a little less powerful.


Message History

* * * LOW HITPOINT WARNING * * *
The tentacled monstrosity tentacle-slaps you.
* * * LOW HITPOINT WARNING * * *
x2 The tentacled monstrosity constricts you!
Unknown command.
Blink to where?
Press: ? - help, Dir - move target cursor, p - tentacled monstrosity The tentacled monstrosity's grasp on you weakens, but your attempt to escape fails.
As you read the scroll of blinking, it crumbles to dust.
A tentacle flies out from the starspawn's body!
The tentacled monstrosity tentacle-slaps you.
* * * LOW HITPOINT WARNING * * *
You block the tentacled monstrosity's attack. x2
* * * LOW HITPOINT WARNING * * *
The tentacled monstrosity constricts you.
A starspawn tentacle comes into view.
You feel much better. The tentacled starspawn bites you!!
* * * LOW HITPOINT WARNING * * *
The tentacled starspawn engulfs you!
You die...

,* #..* #. .#.
.≈≈... ≈≈.,* ♣ ,
*, , .. ,#...
.♣♣ ≈♣ ≈≈≈.♣ ≈
,,
,,#...,#...#..♣
♣ ≈..,.)≈ , ,*,
*....
...#..≈♣♣♣..≈≈ .
., ,* ,
###..##)##...
..≈ ≈≈ .. ≈ ,* *
.......... ..♣
≈≈ ≈..≈≈ * ≈ *
..≈....... ♣♣ ♣
♣ ♣..*. *≈ ,
*♣≈..≈...≈♣♣ ♣♣*
*♣, ., ≈
,≈**♣♣♣♣..≈.X@♣{
* * *,♣≈. ≈ ≈≈
,* ≈♣≈..≈≈wX♣ ,
,,♣♣,≈ # ≈, ,
**≈♣....≈w.♣{
,,, * #.≈ ,. *
**♣..≈≈≈.♣♣** ,
♣**♣*.≈ , ≈
*♣≈...#.≈ , ≈, .
≈ ≈ , ≈
*♣♣.....≈* ** *
,* ♣ , ,,≈
♣♣..≈#.≈**{,{ **
.. ≈, ≈ ,≈≈*♣..≈
.≈ {≈ * ,, ≈,, ,
,≈,≈,* , ≈≈≈ ≈,*
≈ ≈,


You could see a tentacled monstrosity, a tentacled starspawn and 2 starspawn
tentacles.

Vanquished Creatures
  Sojobo (Depths:5)
  A golden dragon (Depths:5)
  A bone dragon (Abyss:1)
  A tentacled monstrosity (Depths:4)
  A quicksilver dragon (Depths:3)
  A deep elf blademaster (Elf:3)
  3 deep elf master archers (Elf:3)
  A titan (Depths:5)
  3 sphinxes
  2 thorn hunters (Swamp:4)
  Gastronok (Lair:2)
  A tentacled starspawn (Abyss:1)
  A tengu reaver (Depths:3)
  3 vault wardens
  6 fire giants
  4 frost giants
  Aizul (Elf:3)
  A deep elf sorcerer (Elf:3)
  8 emperor scorpions
  A draconian scorcher (Depths:5)
  3 ghost moths
  A draconian annihilator (Depths:5)
  5 stone giants
  7 deep elf elementalists
  5 ironheart preservers
  7 very ugly things
  3 entropy weavers
  4 vampire knights
  5 deep elf demonologists (Elf:3)
  A green draconian (Depths:5)
  6 deep elf annihilators
  5 spark wasps
  5 ettins
  A purple draconian (Depths:5)
  2 pale draconians (Depths:5)
  A deep elf death mage (Elf:3)
  4 fire dragons
  A green death (Depths:1)
  8 great orbs of eyes
  3 deep elf high priests (Elf:3)
  2 ice dragons (Depths:1)
  10 yaktaur captains
  7 vault guards
  A rakshasa (Depths:3)
  2 ghost crabs (Swamp:4)
  10 hydras
  2 starcursed masses (Abyss:3)
  3 spriggan air magi
  2 catoblepae
  11 ogre magi
  3 death yaks (IceCv)
  4 centaur warriors
  31 two-headed ogres
  8 alligators
  3 deep troll shamans
  A queen ant (Spider:2)
  A death knight (D:13)
  17 dancing weapons
  A thrashing horror (Abyss:1)
  4 spriggan berserkers
  A soul eater (Depths:1)
  An orc high priest (Bailey)
  5 tengu warriors
  10 deep elf knights
  3 iron trolls
  2 shadow wraiths
  4 hell knights (Depths:2)
  2 sixfirhies (Depths:1)
  6 deep trolls
  An unseen horror (D:11)
  A shadow demon (Abyss:3)
  6 swamp dragons
  A glowing orange brain (Depths:2)
  A wizard (Vaults:3)
  8 deep elf archers
  A phantasmal warrior (Depths:2)
  4 ironbrand convokers
  2 lindwurms (Lair:6)
  3 harpies (Vaults:1)
  42 deep elf magi
  3 necromancers (Depths:2)
  8 orc knights
  2 orb spiders
  26 wolf spiders
  19 ugly things
  3 orc sorcerers
  A salamander (D:15)
  A manticore (D:11)
  3 moths of wrath
  A salamander (shapeshifter) (Vaults:2)
  3 cyclopes
  3 black mambas
  7 elephants (Lair:4)
  An ice statue (D:15)
  A rust devil (Depths:1)
  5 vault sentinels
  5 torpor snails
  Maurice (D:8)
  2 smoke demons (Abyss:3)
  2 gargoyles
  4 spectral swamp worms (Depths:5)
  2 orange demons (Abyss:1)
  5 rime drakes
  3 centaur skeletons
  A komodo dragon (Lair:2)
  5 spiny frogs
  An efreet (D:14)
  27 yaktaurs
  8 demonic crawlers
  2 ancient zymes (Abyss:3)
  2 hellwings
  5 trolls
  2 tengu conjurers
  A meliai (Spider:2)
  8 polar bears (IceCv)
  A queen bee (Spider:2)
  10 tyrant leeches
  15 hornets
  A hornet (shapeshifter) (Depths:2)
  2 queen bees (shapeshifter)
  5 raiju (Abyss:3)
  8 jumping spiders
  4 bog bodies
  11 blink frogs
  A raiju (shapeshifter) (Vaults:1)
  18 slime creatures
  12 hippogriffs
  30 redbacks
  A ynoxinul (Abyss:1)
  A shadow (D:14)
  A redback (shapeshifter) (Depths:2)
  2 spriggans (shapeshifter) (Vaults:2)
  2 spriggans
  10 tarantellas
  4 small abominations
  A vampire (D:12)
  2 wyverns
  33 yaks
  A wraith (D:12)
  A fire elemental (Elf:1)
  A steam dragon (shapeshifter) (Abyss:3)
  A steam dragon (Depths:5)
  8 wargs
  7 swamp worms
  6 vampire mosquitoes
  3 soldier ants (Spider:2)
  A swamp worm (shapeshifter) (Depths:3)
  An insubstantial wisp (Abyss:1)
  9 porcupines
  7 water moccasins
  4 swamp drakes
  2 sky beasts
  5 ice beasts
  A black bear (Lair:4)
  34 orc warriors
  3 boggarts (Depths:2)
  A phantom (D:6)
  2 large abominations (Abyss:1)
  16 wolves
  2 eyes of draining
  37 ogres
  9 centaurs
  5 big kobolds
  6 crocodiles
  14 bullfrogs
  2 gnoll sergeants
  7 earth elementals
  2 water moccasin skeletons
  2 scorpions
  6 killer bees (Spider:2)
  2 electric eels
  2 howler monkeys
  4 centaur zombies
  10 crimson imps
  A quasit (Depths:1)
  5 bullfrog zombies
  4 jellies
  5 gnoll shamans
  A bullfrog skeleton (D:4)
  12 orc priests
  4 hounds
  2 iron imps
  9 iguanas
  10 orc wizards
  12 worker ants
  3 worker ant zombies
  50 gnolls
  14 adders
  A river rat (D:6)
  10 shadow imps
  4 white imps
  2 ufetubi (Depths:1)
  3 oozes
  An adder zombie (D:6)
  2 worms (D:6)
  2 dart slugs
  8 leopard geckos
  50 orcs
  6 ball pythons
  10 bats
  3 giant cockroaches
  19 goblins
  9 hobgoblins
  24 jackals
  29 kobolds
  2 quokkas
  5 frilled lizards
  A goblin skeleton (D:8)
  2 goblin zombies (D:8)
  2 hobgoblin zombies (D:8)
  A kobold skeleton (D:8)
  A kobold zombie (D:8)
  2 orc skeletons (D:8)
  An orc zombie (D:8)
  7 rats
  2 crawling corpses (Elf:3)
  2 plants (Lair:6)
  5 starspawn tentacles
1266 creatures vanquished.

Vanquished Creatures (collateral kills)
  A caustic shrike (Depths:3)
  2 bone dragons (Abyss:1)
  Arachne (Spider:3)
  A doom hound (Depths:2)
  2 liches
  2 quicksilver dragons
  A deep elf blademaster (Elf:3)
  A titan (Depths:3)
  2 tentacled starspawn
  A thorn hunter (Swamp:2)
  2 tengu reavers (Depths:5)
  A storm dragon (Depths:3)
  2 cacodemons (Abyss:3)
  2 fire giants
  5 frost giants
  3 emperor scorpions
  2 vault wardens
  2 deep elf sorcerers (Elf:3)
  4 deep elf elementalists (Elf:3)
  Louise (D:14)
  3 iron dragons
  A spriggan defender (Depths:2)
  A draconian stormcaller (Abyss:3)
  6 very ugly things
  2 vampire knights
  A green draconian (Depths:5)
  3 deep elf demonologists (Elf:3)
  2 entropy weavers
  3 stone giants
  A purple draconian (Depths:5)
  2 white draconians (Depths:5)
  6 deep elf annihilators (Elf:3)
  2 spark wasps (Depths:3)
  4 fire dragons
  An ettin (Depths:2)
  A blizzard demon (Abyss:3)
  5 deep elf death magi
  A great orb of eyes (Vaults:1)
  3 deep elf high priests (Elf:3)
  Harold (Lair:2)
  7 ice dragons
  5 yaktaur captains
  4 vault guards
  A rakshasa (Depths:4)
  14 hydras
  A spriggan air mage (Depths:2)
  A death knight (Vaults:2)
  A shambling mangrove (Swamp:4)
  An alligator (Swamp:4)
  3 centaur warriors
  28 two-headed ogres
  A catoblepas (Lair:4)
  A dancing weapon (D:6)
  5 ogre magi
  A tengu warrior (Depths:1)
  6 deep troll shamans
  An orc high priest (Bailey)
  A deep troll earth mage (D:15)
  A thrashing horror (Abyss:1)
  A spriggan berserker (Depths:2)
  2 deep elf knights
  Urug (D:12)
  The ghost of zilverxoul the Grappler, a novice TrMo (D:9)
  6 hell knights (Depths:2)
  A fire crab (shapeshifter) (Elf:2)
  4 iron trolls
  3 skeletal warriors (Vaults:1)
  A flayed ghost (Depths:3)
  6 deep trolls
  3 deep elf archers
  A phantasmal warrior (Depths:2)
  4 ironbrand convokers
  8 swamp dragons
  11 orb spiders
  17 deep elf magi
  3 cyclopes
  2 orc sorcerers
  9 ugly things
  9 wolf spiders
  A manticore (D:15)
  3 elephants (Lair:4)
  3 vault sentinels (Vaults:1)
  A torpor snail (Lair:6)
  A centaur skeleton (D:12)
  The ghost of Zerd the Magician, a novice DEFE of Sif Muna (D:6)
  A smoke demon (Abyss:3)
  2 spiny frogs
  Psyche (D:8)
  An eye of devastation (shapeshifter) (Depths:4)
  A spectral swamp worm (Depths:5)
  3 komodo dragons
  20 yaktaurs
  A kobold demonologist (D:13)
  2 freezing wraiths (Vaults:1)
  A komodo dragon (shapeshifter) (Vaults:1)
  3 efreet
  An ice devil (D:15)
  2 ancient zymes (Abyss:3)
  5 demonic crawlers
  16 jumping spiders
  3 trolls
  2 meliai
  A tengu conjurer (Depths:1)
  A meliai (shapeshifter) (Vaults:2)
  8 tyrant leeches
  4 polar bears (IceCv)
  A raiju (Abyss:3)
  10 hornets
  11 slime creatures
  6 blink frogs
  6 bog bodies
  A hippogriff (Lair:1)
  A centaur simulacrum (D:14)
  A flying skull (Abyss:3)
  A vampire (D:14)
  33 redbacks
  A spriggan (Swamp:2)
  8 tarantellas
  A wyvern (D:12)
  2 wraiths
  20 yaks
  2 steam dragons (Depths:5)
  A basilisk (Lair:1)
  7 vampire mosquitoes
  A hungry ghost (D:13)
  6 soldier ants
  4 wargs
  A small abomination (Depths:2)
  9 swamp worms
  2 insubstantial wisps (Abyss:1)
  2 water moccasins
  A floating eye (Depths:3)
  4 acid dragons
  A floating eye (shapeshifter) (D:15)
  11 orc warriors
  9 swamp drakes
  A sky beast (D:8)
  A phantom (D:14)
  An ice beast (shapeshifter) (D:13)
  A black bear (Lair:1)
  13 ice beasts
  An alligator simulacrum (Abyss:1)
  2 centaurs
  32 ogres
  2 wolves (Lair:5)
  2 boggarts (Depths:2)
  5 crocodiles
  3 big kobolds
  3 bullfrogs
  A wyvern zombie (D:11)
  10 killer bees (Spider:2)
  An electric eel (Bailey)
  A bullfrog zombie (D:7)
  A crimson imp (Depths:1)
  A hound (D:10)
  11 orc priests
  2 bullfrog skeletons
  6 orc wizards
  An iguana (D:6)
  12 worker ants
  2 gnolls
  A river rat (D:6)
  2 white imps
  An ufetubus (Abyss:1)
  34 orcs
  A frilled lizard (Sewer)
  A goblin (Bailey)
  2 kobolds
  A leopard gecko zombie (D:6)
  An orc skeleton (D:8)
  A plant (Lair:6)
  2 starspawn tentacles (Abyss:1)
679 creatures vanquished.

Vanquished Creatures (others)
  8 eldritch tentacles
  A fire giant (Depths:2)
  A wolf spider (Spider:2)
  2 polar bears (IceCv)
  An ogre (Depths:3)
  A wolf (IceCv)
  An orc (D:13)
  3 fungi
  5 plants
  3 starspawn tentacles (Abyss:1)
26 creatures vanquished.

Grand Total: 1971 creatures vanquished

Notes
Turn   | Place    | Note
-------+----------+-------------------------------------------
     0 | D:1      | Illumine the Gnoll Ice Elementalist began the quest for the
                  | Orb.
     0 | D:1      | Reached XP level 1. HP: 13/13 MP: 6/6
   183 | D:1      | Reached XP level 2. HP: 19/19 MP: 4/7
   608 | D:1      | Reached XP level 3. HP: 23/25 MP: 6/9
   669 | D:1      | Learned a level 3 spell: Frozen Ramparts
   739 | D:2      | Reached skill level 5 in Spellcasting
   863 | D:2      | Reached skill level 1 in Invocations
  1023 | D:2      | Reached skill level 1 in Fighting
  1023 | D:2      | Reached skill level 1 in Short Blades
  1023 | D:2      | Reached skill level 1 in Long Blades
  1023 | D:2      | Reached skill level 1 in Axes
  1023 | D:2      | Reached skill level 1 in Maces & Flails
  1023 | D:2      | Reached skill level 1 in Polearms
  1023 | D:2      | Reached skill level 1 in Staves
  1023 | D:2      | Reached skill level 1 in Slings
  1023 | D:2      | Reached skill level 1 in Bows
  1023 | D:2      | Reached skill level 1 in Crossbows
  1023 | D:2      | Reached skill level 1 in Throwing
  1023 | D:2      | Reached skill level 1 in Armour
  1023 | D:2      | Reached skill level 1 in Shields
  1023 | D:2      | Reached skill level 1 in Unarmed Combat
  1023 | D:2      | Reached skill level 1 in Evocations
  1023 | D:2      | Reached XP level 4. HP: 32/32 MP: 6/11
  1141 | D:2      | Found a shadowy altar of Dithmenos.
  1233 | D:2      | Found a shimmering altar of Xom.
  1251 | D:2      | Found a shimmering altar of Xom.
  1304 | D:2      | Found a shimmering altar of Xom.
  1422 | D:3      | Found a hazy altar of Hepliaklqana.
  1640 | D:3      | Reached skill level 1 in Conjurations
  1640 | D:3      | Reached skill level 1 in Hexes
  1640 | D:3      | Reached skill level 1 in Charms
  1640 | D:3      | Reached skill level 1 in Summonings
  1640 | D:3      | Reached skill level 1 in Necromancy
  1640 | D:3      | Reached skill level 1 in Translocations
  1640 | D:3      | Reached skill level 1 in Transmutations
  1640 | D:3      | Reached skill level 1 in Fire Magic
  1640 | D:3      | Reached skill level 1 in Air Magic
  1640 | D:3      | Reached skill level 1 in Earth Magic
  1640 | D:3      | Reached skill level 1 in Poison Magic
  1643 | D:3      | Reached XP level 5. HP: 32/37 MP: 6/12
  2595 | D:3      | Reached XP level 6. HP: 21/44 MP: 9/13
  2808 | D:3      | Reached skill level 5 in Dodging
  2931 | D:3      | Learned a level 3 spell: Ozocubu's Armour
  2936 | D:3      | Learned a level 4 spell: Hailstorm
  2941 | D:3      | Learned a level 4 spell: Summon Ice Beast
  2989 | D:3      | Reached XP level 7. HP: 50/50 MP: 10/15
  3428 | D:3      | Reached skill level 5 in Stealth
  4100 | D:4      | Found a staircase to the Ecumenical Temple.
  4106 | Temple   | Entered the Ecumenical Temple
  4572 | D:4      | Found a bloodstained altar of Trog.
  4573 | D:4      | Found a radiant altar of Vehumet.
  4573 | D:4      | Found an iron altar of Okawaru.
  4735 | D:5      | Entered Level 5 of the Dungeon
  4851 | D:5      | Found a snail-covered altar of Cheibriados.
  5193 | D:5      | Reached XP level 8. HP: 57/57 MP: 12/16
  5818 | D:6      | Found a shimmering altar of Xom.
  5818 | D:6      | Noticed Zerd's ghost (novice DEFE)
  5819 | D:6      | Noticed a +1 flail of chaos
  5821 | D:6      | Found a runed translucent door.
  6210 | D:6      | Found a glowing drain.
  6236 | Sewer    | Entered a sewer
  7035 | D:7      | Found Idwuuzorr's Armour Boutique.
  7603 | D:7      | Reached XP level 9. HP: 25/65 MP: 8/18
  7999 | D:7      | Found a hide-covered altar of Uskayaw.
  8195 | D:7      | Found a basalt altar of Yredelemnul.
  8458 | D:8      | Noticed Maurice
  8460 | D:8      | Found a glowing golden altar of the Shining One.
  8502 | D:8      | Found a burning altar of Makhleb.
  8701 | D:8      | Killed Maurice
  8701 | D:8      | Reached skill level 5 in Invocations
  8742 | D:8      | Found a flagged portal.
  8760 | Bailey   | Entered a bailey
  8882 | Bailey   | Found an iron altar of Okawaru.
  8882 | Bailey   | Noticed an orc high priest
  8882 | Bailey   | Noticed an orc high priest
  8913 | Bailey   | Noticed a soul eater
  8922 | Bailey   | Killed an orc high priest
  8922 | Bailey   | Reached XP level 10. HP: 55/73 MP: 5/20
  9019 | Bailey   | Killed an orc high priest
  9019 | Bailey   | Reached skill level 5 in Fighting
  9019 | Bailey   | Reached skill level 5 in Short Blades
  9019 | Bailey   | Reached skill level 5 in Long Blades
  9019 | Bailey   | Reached skill level 5 in Axes
  9019 | Bailey   | Reached skill level 5 in Maces & Flails
  9019 | Bailey   | Reached skill level 5 in Polearms
  9019 | Bailey   | Reached skill level 5 in Staves
  9019 | Bailey   | Reached skill level 5 in Slings
  9019 | Bailey   | Reached skill level 5 in Bows
  9019 | Bailey   | Reached skill level 5 in Crossbows
  9019 | Bailey   | Reached skill level 5 in Throwing
  9019 | Bailey   | Reached skill level 5 in Armour
  9019 | Bailey   | Reached skill level 5 in Shields
  9019 | Bailey   | Reached skill level 5 in Unarmed Combat
  9019 | Bailey   | Reached skill level 5 in Evocations
  9591 | Bailey   | Identified the +8 rapier of the Glimmering Owl {pain, rPois
                  | Dex+3}
  9591 | Bailey   | Identified the +1 leather armour of Lioluule {Dex+3}
  9668 | Bailey   | Identified the Handbook of Heat and Moulding
  9685 | Bailey   | Learned a level 4 spell: Ice Form
  9959 | D:8      | Noticed a gargoyle
 10011 | D:8      | Killed a gargoyle
 10086 | D:8      | Noticed Psyche
 10148 | D:8      | Killed Psyche
 10464 | D:9      | Found a shattered altar of Ashenzari.
 10508 | D:9      | Became a worshipper of Ashenzari the Shackled
 10621 | D:9      | Found a runed translucent door.
 10625 | D:9      | Noticed zilverxoul's ghost (novice TrMo)
 10664 | D:9      | Reached XP level 11. HP: 50/81 MP: 5/22
 10956 | D:9      | Found a staircase to the Lair.
 10968 | D:9      | Found Kenil's Mayhem Merchandise.
 11081 | D:9      | Found Foz Ney's Changing Room.
 11190 | D:9      | Found a staircase to the Orcish Mines.
 11233 | D:9      | Reached skill level 5 in Conjurations
 11233 | D:9      | Reached skill level 5 in Hexes
 11233 | D:9      | Reached skill level 5 in Charms
 11233 | D:9      | Reached skill level 5 in Summonings
 11233 | D:9      | Reached skill level 5 in Necromancy
 11233 | D:9      | Reached skill level 5 in Translocations
 11233 | D:9      | Reached skill level 5 in Transmutations
 11233 | D:9      | Reached skill level 5 in Fire Magic
 11233 | D:9      | Reached skill level 5 in Air Magic
 11233 | D:9      | Reached skill level 5 in Earth Magic
 11233 | D:9      | Reached skill level 5 in Poison Magic
 11569 | D:9      | Noticed a two-headed ogre
 11574 | D:9      | Found a glowing silver altar of Zin.
 11576 | D:9      | Killed a two-headed ogre
 11786 | D:9      | Found an opulent altar of Gozag.
 11997 | D:9      | Acquired a cursed ring of protection from fire
 12091 | Lair:1   | Entered Level 1 of the Lair of Beasts
 12792 | Lair:1   | Reached * piety under Ashenzari
 13305 | Lair:2   | Noticed Gastronok
 13314 | Lair:2   | Killed Gastronok
 13314 | Lair:2   | Reached XP level 12. HP: 59/89 MP: 13/24
 13757 | Lair:2   | Found a hole to the Spider Nest.
 13776 | Lair:2   | Noticed Harold
 13807 | Lair:2   | Killed Harold
 14883 | Lair:3   | Reached ** piety under Ashenzari
 15343 | Lair:4   | Noticed a four-headed hydra
 15350 | Lair:4   | Killed a four-headed hydra
 15608 | Lair:4   | Noticed a catoblepas
 15626 | Lair:4   | Noticed a catoblepas
 15647 | Lair:4   | Killed a catoblepas
 16040 | Lair:4   | Reached XP level 13. HP: 92/98 MP: 22/26
 16786 | Lair:4   | Found a staircase to the Swamp.
 17345 | Lair:5   | Reached *** piety under Ashenzari
 17958 | Lair:6   | Entered Level 6 of the Lair of Beasts
 17972 | Lair:6   | Learned a level 4 spell: Summon Lightning Spire
 18163 | Lair:6   | Found a staircase to the Slime Pits.
 18386 | Lair:6   | Found a runed translucent door.
 18387 | Lair:6   | Noticed a fire dragon
 18451 | Lair:6   | Reached skill level 10 in Ice Magic
 19085 | Lair:6   | Reached **** piety under Ashenzari
 19184 | Lair:6   | Noticed a fire dragon
 19193 | Lair:6   | Killed a fire dragon
 19667 | Lair:6   | Killed a fire dragon
 19667 | Lair:6   | Reached skill level 10 in Spellcasting
 19914 | Orc:1    | Entered Level 1 of the Orcish Mines
 19919 | Orc:1    | Reached XP level 14. HP: 106/106 MP: 28/28
 20571 | Orc:2    | Entered Level 2 of the Orcish Mines
 20631 | Orc:2    | Reached skill level 10 in Dodging
 21236 | Orc:2    | Reached skill level 10 in Stealth
 21738 | Orc:2    | Found Viewk's Antique Weapon Boutique.
 21738 | Orc:2    | Found Adeumut's Antique Weapon Shoppe.
 21738 | Orc:2    | Found Gazioq's Food Emporium.
 21738 | Orc:2    | Found Hucurour's Weapon Boutique.
 21754 | Orc:2    | Reached skill level 10 in Invocations
 22284 | Orc:2    | Found a staircase to the Elven Halls.
 22455 | D:10     | Entered Level 10 of the Dungeon
 22544 | D:10     | Learned a level 5 spell: Yara's Violent Unravelling
 24470 | D:11     | Acquired a cursed staff of cold
 24697 | D:12     | Reached ***** piety under Ashenzari
 24780 | D:12     | Noticed Urug
 24795 | D:12     | Killed Urug
 25262 | D:12     | Identified the +4 kite shield "Nedalim" {rPois rF+ rCorr}
 25826 | D:13     | Reached XP level 15. HP: 114/114 MP: 23/29
 26061 | D:13     | Learned a level 5 spell: Lightning Bolt
 26814 | D:13     | Found a gate to the Vaults.
 27332 | D:13     | Identified the +9 trident of Excruciating Pain {vorpal,
                  | +Blink rElec Dex-3}
 27432 | D:13     | Learned a level 1 spell: Apportation
 27716 | D:13     | Found Dimunkiv's Magic Scroll Shop.
 27722 | D:13     | Bought a scroll of acquirement for 676 gold pieces
 27722 | D:13     | Acquired a cursed amulet of reflection
 28126 | D:14     | Found a frozen archway.
 28155 | IceCv    | Entered an ice cave
 28278 | IceCv    | Identified the Compendium of Creative Intoxication
 29021 | IceCv    | Noticed a frost giant
 29088 | IceCv    | Reached skill level 10 in Fighting
 29088 | IceCv    | Reached skill level 10 in Short Blades
 29088 | IceCv    | Reached skill level 10 in Long Blades
 29088 | IceCv    | Reached skill level 10 in Axes
 29088 | IceCv    | Reached skill level 10 in Maces & Flails
 29088 | IceCv    | Reached skill level 10 in Polearms
 29088 | IceCv    | Reached skill level 10 in Staves
 29088 | IceCv    | Reached skill level 10 in Slings
 29088 | IceCv    | Reached skill level 10 in Bows
 29088 | IceCv    | Reached skill level 10 in Crossbows
 29088 | IceCv    | Reached skill level 10 in Throwing
 29088 | IceCv    | Reached skill level 10 in Armour
 29088 | IceCv    | Reached skill level 10 in Shields
 29088 | IceCv    | Reached skill level 10 in Unarmed Combat
 29088 | IceCv    | Reached skill level 10 in Evocations
 29202 | IceCv    | Killed a frost giant
 29868 | D:14     | Noticed Louise
 29887 | D:14     | Killed Louise
 30269 | D:15     | Entered Level 15 of the Dungeon
 32062 | D:15     | Found a staircase to the Depths.
 32145 | D:15     | Learned a level 6 spell: Invisibility
 32366 | Swamp:1  | Entered Level 1 of the Swamp
 33360 | Swamp:1  | Reached ****** piety under Ashenzari
 34105 | Swamp:2  | Reached XP level 16. HP: 122/122 MP: 19/31
 34197 | Swamp:2  | Noticed a thorn hunter
 34204 | Swamp:2  | Killed a thorn hunter
 34930 | Swamp:2  | Found a white marble altar of Elyvilon.
 36232 | Swamp:4  | Entered Level 4 of the Swamp
 36627 | Swamp:4  | Noticed a thorn hunter
 36640 | Swamp:4  | Killed a thorn hunter
 37300 | Swamp:4  | Noticed a thorn hunter
 37307 | Swamp:4  | Killed a thorn hunter
 38423 | Swamp:4  | Got a decaying rune of Zot
 38491 | Swamp:4  | HP: 4/124 [something (5)]
 39061 | Lair:2   | Learned a level 6 spell: Iron Shot
 39109 | Spider:1 | Entered Level 1 of the Spider Nest
 41408 | Spider:2 | Reached XP level 17. HP: 131/131 MP: 22/33
 44229 | Spider:3 | Noticed Arachne
 44237 | Spider:3 | Killed Arachne
 44580 | Spider:4 | Entered Level 4 of the Spider Nest
 46743 | Spider:4 | Reached skill level 10 in Conjurations
 46743 | Spider:4 | Reached skill level 10 in Hexes
 46743 | Spider:4 | Reached skill level 10 in Charms
 46743 | Spider:4 | Reached skill level 10 in Summonings
 46743 | Spider:4 | Reached skill level 10 in Necromancy
 46743 | Spider:4 | Reached skill level 10 in Translocations
 46743 | Spider:4 | Reached skill level 10 in Transmutations
 46743 | Spider:4 | Reached skill level 10 in Fire Magic
 46743 | Spider:4 | Reached skill level 10 in Air Magic
 46743 | Spider:4 | Reached skill level 10 in Earth Magic
 46743 | Spider:4 | Reached skill level 10 in Poison Magic
 47011 | Spider:4 | Got a gossamer rune of Zot
 47329 | Vaults:1 | Entered Level 1 of the Vaults
 47552 | Lair:2   | Learned a level 7 spell: Spellforged Servitor
 47782 | Vaults:1 | Reached XP level 18. HP: 139/139 MP: 26/34
 49302 | Vaults:1 | Found Hailajit's Distillery.
 51220 | Vaults:2 | Found Naipli's Armour Emporium.
 51228 | Vaults:2 | Bought the +0 pair of gloves of Limited Liability {rElec}
                  | for 203 gold pieces
 52156 | Vaults:3 | Reached XP level 19. HP: 147/147 MP: 33/36
 52936 | Vaults:3 | Noticed Jory
 53343 | D:6      | Killed Zerd's ghost
 53414 | D:9      | Killed zilverxoul's ghost
 53502 | Elf:1    | Entered Level 1 of the Elven Halls
 54105 | Elf:1    | Learned a level 4 spell: Airstrike
 54479 | Elf:1    | Identified Vehumet's Disquisition on Attacks
 55532 | Elf:2    | Gained mutation: Your spells are a little easier to cast,
                  | but a little less powerful. [a neqoxec]
 55722 | Elf:2    | Found Qusoga Lyits's Magic Scroll Shoppe.
 56220 | Elf:2    | Found a runed translucent gate.
 56220 | Elf:2    | Found a runed translucent gate.
 56220 | Elf:2    | Found a runed translucent gate.
 56254 | Elf:3    | Entered Level 3 of the Elven Halls
 56546 | Elf:3    | Noticed Aizul
 56547 | Elf:3    | Found Hasaon's General Store.
 56565 | Elf:3    | Killed Aizul
 56605 | Elf:3    | Bought an uncursed staff of wizardry for 350 gold pieces
 58033 | Elf:3    | Reached XP level 20. HP: 155/155 MP: 26/37
 58544 | Elf:3    | Identified the +8 fire dragon scales of Ciselut {rF++ rC-
                  | Str+7}
 58544 | Elf:3    | Identified the ring of Inimp {rPois MP+9 Dex+4}
 58561 | Elf:3    | Noticed a Tzitzimitl
 59302 | Elf:3    | Identified the +10 dagger "Gyihyahaib" {venom, *Drain
                  | Dex+5}
 59302 | Elf:3    | Identified the amulet of Seiwier {Spirit rElec rN+ Str+2}
 59981 | Elf:3    | Found the +9 heavy crossbow "Sniper" {vorpal, Acc+∞ SInv}
 60001 | Elf:3    | Identified the +6 short sword of Senaob {venom, *Contam rC+
                  | Int+3 Stlth+}
 60011 | Elf:3    | Identified the Disquisition on Companions
 60046 | Elf:3    | Identified Qothakef's Tome of the Creative Frostbite
 60688 | Depths:1 | Entered Level 1 of the Depths
 61660 | Depths:1 | Found a gateway to Hell.
 62632 | Depths:1 | Found a one-way gate leading to the halls of Pandemonium.
 63020 | Depths:1 | Identified Saadd's Catalogue of the Fiery Birds
 63096 | Depths:1 | Noticed Bai Suzhen
 63360 | Lair:2   | Learned a level 7 spell: Malign Gateway
 64013 | Depths:2 | Reached XP level 21. HP: 116/163 MP: 39/39
 64341 | Depths:2 | Found a one-way gate to the infinite horrors of the Abyss.
 65084 | Depths:2 | Paralysed by a vampire knight for 3 turns
 65130 | Depths:2 | Acquired 1650 gold pieces
 66201 | Depths:3 | Identified the +5 mace of the Stork {flame, rElec rC++
                  | Int+2}
 66729 | Depths:3 | Noticed a caustic shrike
 66740 | Depths:3 | Killed a caustic shrike
 67570 | Depths:3 | Reached skill level 15 in Invocations
 67744 | Depths:3 | Found a gateway to a ziggurat.
 67744 | Depths:3 | Noticed an ancient lich
 69311 | Depths:4 | Found a corrupted altar of Lugonu.
 69364 | Depths:4 | Reached XP level 22. HP: 116/172 MP: 40/40
 69837 | Depths:4 | Found a portal to a secret trove of treasure.
 70620 | Depths:5 | Entered Level 5 of the Depths
 71390 | Depths:5 | Reached skill level 15 in Spellcasting
 71471 | Depths:5 | Noticed Sojobo
 71528 | Depths:5 | Killed Sojobo
 72473 | Depths:5 | Reached skill level 15 in Dodging
 72490 | Depths:5 | Noticed a golden dragon
 72491 | Depths:5 | Found a gate to the Realm of Zot.
 72505 | Depths:5 | Killed a golden dragon
 73101 | Depths:5 | Voluntarily entered the Abyss.
 73432 | Abyss:1  | Reached skill level 15 in Stealth
 73759 | Abyss:1  | Gained mutation: You are dopey. (Int -2) [a neqoxec]
 73768 | Abyss:1  | Found a blossoming altar of Fedhas.
 73788 | Abyss:2  | Found a corrupted altar of Lugonu.
 74135 | Abyss:3  | HP: 4/173 [tentacled starspawn (29)]
 74135 | Abyss:3  | Mangled by a tentacled starspawn

Illustrated notes

Levels and vault maps discovered:
D:1:      dpeg_arrival_boxorama, layout_rooms, minmay_misc_feat_plants,
          grunt_decor_one_mirror
D:2:      layout_rooms, xom_redecorated, lemuel_round_altar, first_ration
D:3:      lemuel_castle_with_subvaults [lemuel_castle_interior_carwin_3],
          layout_basic, nicolae_overflow_hidden_temple, serial_co_window_serial,
          co_window_paths_b, co_window_paths_a, co_window_paths_a,
          co_window_cross_1, co_window_paths_a, co_window_paths_a,
          co_window_of_opportunity_a, co_window_paths_a, co_window_paths_b,
          co_window_2corner, co_window_of_opportunity_b, co_window_cross_3,
          co_window_of_opportunity_b, glass_columns_a, glass_columns_c,
          glass_columns_b
D:4:      layout_loops_corners, chequers_temple_overflow_statue_of_worship,
          minmay_temple_entry_hall
D:5:      layout_loops_ring, cheibriados_altar_1
D:6:      layout_cave_pools, ebering_ghost_xom, portal_sewer_entry_a,
          minmay_increasing_density
D:7:      layout_loops_cross, lemuel_round_altar, kennysheep_mini, serial_shops,
          shop
D:8:      layout_basic, nicolae_tso_besieged_by_evil, basic_altar,
          enter_bailey_7, uniq_psyche, uniq_maurice
D:9:      layout_basic, ashenzari_conservatory_becter,
          nicolae_gozag_cash_rules_everything_around_me, old_standard_altar,
          lair_entry_dummy, kennysheep_orc_monster_closet_entryway,
          ebering_ghost_inner_flame, grunt_ogre_cave,
          nicolae_transmutations_shop, eino_small_chamber_without_monster,
          minmay_shop_mayhem
D:10:     layout_loops_ring
D:11:     layout_basic, minmay_microvault
D:12:     layout_loops_ring, uniq_urug
D:13:     layout_basic, lightli_vaults_fourway_checkpoint, serial_shops,
          nicolae_shop_crystal
D:14:     layout_loops_ring, hangedman_abyss_or_decor_clamps,
          portal_ice_cave_entry_pillars_1, uniq_louise
D:15:     hangedman_depths_entry_try_elsewhere_first, layout_long_grid,
          nrook_campfire, ice2_lemuel
Temple:   jpeg_temple_island
Lair:1:   layout_cave_shapes
Lair:2:   layout_cave_pods, spider_nest_entry_webs, uniq_harold, uniq_gastronok
Lair:3:   layout_big_grid
Lair:4:   layout_gridlike, minmay_swamp_entry_worms, serial_forest,
          infiniplex_forest_corner_2, infiniplex_forest_straight_3,
          infiniplex_forest_end_1, infiniplex_forest_diagonal,
          serial_bayou_crossing
Lair:5:   layout_small_grid, lemuel_fruit_fields
Lair:6:   wormcave, layout_regular_city, guppyfry_lair_end_dragon, slime_dummy
Swamp:1:  layout_basic_swamp, serial_swamp_ruin, hangedman_swamp_ruin_wall,
          evilmike_swamp_ruin_house_5, evilmike_swamp_ruin_wall
Swamp:2:  layout_basic_swamp, basic_altar, swamp_pool2
Swamp:3:  layout_falls_marsh, nicolae_swamp_triple_paths, swamp_pool5
Swamp:4:  swamp_basic_johnstein, layout_basic_swamp
Spider:1: layout_chambers
Spider:2: layout_spider_delve, special_room [special_room_bee],
          minmay_another_anthill
Spider:3: layout_spider_delve, nicolae_spider_shape, uniq_arachne
Spider:4: guppyfry_spider_rune, hangedman_stitches_earthworm
Orc:1:    layout_diamond_mine
Orc:2:    st_orc_ogre_mass, layout_caves
Elf:1:    layout_loops_ring, minmay_elf_annihilation, grunt_megastairs_1
Elf:2:    layout_geoelf_diagonals, serial_shops, shop, elves_outpost_lemuel
Elf:3:    nooodl_elf_gasket, layout_onion_city, serial_shops,
          nicolae_shop_stone, uniq_aizul
Vaults:1: vaults_mumra_minichess_inversion, nicolae_vaults_puzzle_piece,
          v_misc_18, nicolae_vaults_puzzle_piece, v_misc_29,
          hangedman_vaults_stagger, st_lattice, nicolae_vaults_theta,
          grunt_vaults_diagonal, layout_vaults_omnibox, serial_shops, shop
Vaults:2: ontoclasm_vaults_ring_large, v_misc_3, hangedman_vaults_trim,
          vaults_mumra_lcd, st_diamondy, nicolae_vaults_mini_display_case,
          ontoclasm_vaults_ring_small, layout_vaults_quadrants, serial_shops,
          shop
Vaults:3: vaults_room_corners, minmay_crypt_entry_necro_gods, v_misc_8,
          vaults_dpeg_encased_lava, ontoclasm_vaults_fault,
          vaults_standard_mumra_lines, v_misc_28, v_misc_15,
          layout_vaults_chaotic_city, serial_shops, nicolae_shop_stone,
          uniq_jory, uniq_margery
Depths:1: layout_cave_pools, hell_entry, serial_co_window_serial,
          co_window_corner_a, co_window_paths_b, co_window_paths_a,
          co_window_corner_a, co_window_paths_b, co_window_corner_a,
          co_window_corner_a, co_window_corner_a, co_window_paths_a,
          co_window_cross_2, co_window_unsneaky_path_b,
          co_window_of_opportunity_c, co_window_paths_e, glass_columns_c,
          glass_columns_a, glass_columns_b, glass_columns_a,
          grunt_pan_entry_sceptre, minmay_fountain_box, minmay_hidden_floor,
          uniq_bai_suzhen
Depths:2: hangedman_cross_veins, layout_gridlike, grunt_metal_band, pan_entry,
          wad_floor_pattern_2, abyss_entry, hangedman_decor_growths,
          minmay_staircase_statues
Depths:3: minmay_octo_star, layout_cave_shapes, enter_ziggurat_d,
          minmay_misc_feat_rows, rand_demon_pan_entry_3, hell_entry,
          onia_ninara_dug_in_and_dangerous
Depths:4: minmay_the_grid_square_5x5_3x3 [minmay_the_grid_square_5x5_trominoes,
          minmay_the_grid_square_5x5_lines, minmay_the_grid_square_5x5_dogpile,
          minmay_the_grid_square_5x5_two_walls_b,
          minmay_the_grid_square_5x5_megaprize_hollow,
          minmay_the_grid_square_5x5_n_small, minmay_the_grid_square_5x5_plus,
          minmay_the_grid_square_5x5_spiral_small,
          minmay_the_grid_square_5x5_almost_minimal], layout_cave_shapes,
          nicolae_trove_entry_crystal, kennysheep_decorative_pillar,
          abyss_entry_flame_altar, grunt_hell_entry_dis_mu,
          serial_sigils_hangedman_stare, infiniplex_staircase_squiggle
Depths:5: evilmike_zot_entry_gauntlet, layout_basic, abyss_entry,
          chequers_jeans, pf_hell_entry_tar_river, uniq_sojobo
Abyss:3:  base: Swamp:1, minivault_11

Skill      XL: |  1  2  3  4  5  6  7  8  9 10 11 12 13 14 15 16 17 18 19 20 21 22 |
---------------+-------------------------------------------------------------------+-----
Spellcasting   | 5 6 7 8 9 10 11 12 13 14 15 | 15.2
Invocations    | 1 2 3 4 5 6 7 8 9 10 11 12 13 14 15 | 15.7
Fighting       | 1 2 3 4 5 6 7 8 9 10 11 12 13 14 | 14.5
Short Blades   | 1 2 3 4 5 6 7 8 9 10 11 12 13 14 | 14.5
Long Blades    | 1 2 3 4 5 6 7 8 9 10 11 12 13 14 | 14.5
Axes           | 1 2 3 4 5 6 7 8 9 10 11 12 13 14 | 14.5
Maces & Flails | 1 2 3 4 5 6 7 8 9 10 11 12 13 14 | 14.5
Polearms       | 1 2 3 4 5 6 7 8 9 10 11 12 13 14 | 14.5
Staves         | 1 2 3 4 5 6 7 8 9 10 11 12 13 14 | 14.5
Slings         | 1 2 3 4 5 6 7 8 9 10 11 12 13 14 | 14.5
Bows           | 1 2 3 4 5 6 7 8 9 10 11 12 13 14 | 14.5
Crossbows      | 1 2 3 4 5 6 7 8 9 10 11 12 13 14 | 14.5
Throwing       | 1 2 3 4 5 6 7 8 9 10 11 12 13 14 | 14.5
Armour         | 1 2 3 4 5 6 7 8 9 10 11 12 13 14 | 14.5
Shields        | 1 2 3 4 5 6 7 8 9 10 11 12 13 14 | 14.5
Unarmed Combat | 1 2 3 4 5 6 7 8 9 10 11 12 13 14 | 14.5
Evocations     | 1 2 3 4 5 6 7 8 9 10 11 12 13 14 | 14.5
Conjurations   | 1 2 3 4 5 6 7 8 9 10 11 12 | 12.5
Hexes          | 1 2 3 4 5 6 7 8 9 10 11 12 | 12.5
Charms         | 1 2 3 4 5 6 7 8 9 10 11 12 | 12.5
Summonings     | 1 2 3 4 5 6 7 8 9 10 11 12 | 12.5
Necromancy     | 1 2 3 4 5 6 7 8 9 10 11 12 | 12.5
Translocations | 1 2 3 4 5 6 7 8 9 10 11 12 | 12.5
Transmutations | 1 2 3 4 5 6 7 8 9 10 11 12 | 12.5
Fire Magic     | 1 2 3 4 5 6 7 8 9 10 11 12 | 12.5
Air Magic      | 1 2 3 4 5 6 7 8 9 10 11 12 | 12.5
Earth Magic    | 1 2 3 4 5 6 7 8 9 10 11 12 | 12.5
Poison Magic   | 1 2 3 4 5 6 7 8 9 10 11 12 | 12.5
Dodging        | 5 6 7 8 9 10 11 12 13 14 15 | 15.1
Stealth        | 5 6 7 8 9 10 11 12 13 14 15 | 15.0
Ice Magic      | 8 9 10 11 12 13 14 | 14.0

Action                   |  1- 3 |  4- 6 |  7- 9 | 10-12 | 13-15 | 16-18 | 19-21 | 22-24 || total
-------------------------+-------+-------+-------+-------+-------+-------+-------+-------++-------
Melee: Spear             |       |    69 |     2 |       |       |       |       |       ||    71
       Bite              |       |     6 |    27 |    34 |   102 |   131 |   151 |    82 ||   533
       Unarmed           |       |     1 |       |    47 |       |       |     5 |       ||    53
       Halberd           |       |       |   149 |       |       |       |       |       ||   149
       Flail             |       |       |   125 |    28 |       |       |       |       ||   153
       Short sword       |       |       |     2 |       |       |       |       |       ||     2
       Rapier            |       |       |       |   220 |   372 |       |       |       ||   592
       Broad axe         |       |       |       |    14 |       |       |       |       ||    14
       Staff             |       |       |       |       |   549 |  1019 |  1131 |   478 ||  3177
Throw: Stone             |     1 |    10 |     8 |     9 |     5 |       |       |       ||    33
       Boomerang         |       |       |       |       |     1 |       |     1 |       ||     2
 Cast: Freeze            |    44 |    21 |     2 |     4 |       |       |       |       ||    71
       Frozen Ramparts   |     2 |    21 |    47 |    53 |   105 |    38 |    17 |     1 ||   284
       Summon Ice Beast  |       |       |    19 |    56 |    86 |    83 |       |       ||   244
       Ice Form          |       |       |       |     6 |     1 |       |       |       ||     7
       Hailstorm         |       |       |       |     6 |       |       |       |       ||     6
       Summon Lightning  |       |       |       |       |   129 |   191 |   158 |     8 ||   486
       Ozocubu's Armour  |       |       |       |       |     4 |     4 |       |       ||     8
       Lightning Bolt    |       |       |       |       |    16 |     6 |       |       ||    22
       Iron Shot         |       |       |       |       |       |    20 |   110 |    17 ||   147
       Invisibility      |       |       |       |       |       |     2 |     3 |       ||     5
       Spellforged Servi |       |       |       |       |       |     8 |    25 |    28 ||    61
       Airstrike         |       |       |       |       |       |       |    65 |     3 ||    68
       Apportation       |       |       |       |       |       |       |     2 |     1 ||     3
       Yara's Violent Un |       |       |       |       |       |       |     3 |       ||     3
       Malign Gateway    |       |       |       |       |       |       |     7 |     1 ||     8
Invok: Curse Item        |       |       |       |       |     3 |     1 |     2 |       ||     6
       Scrying           |       |       |       |       |       |       |       |     1 ||     1
Evoke: Wand              |       |       |       |       |     1 |       |       |       ||     1
  Use: Scroll            |       |       |    14 |     5 |    18 |    10 |     7 |     1 ||    55
       Potion            |       |       |       |     1 |       |     4 |     4 |     3 ||    12
 Stab: Sleeping          |       |     3 |     7 |    12 |    33 |     8 |    13 |       ||    76
       Distracted        |       |       |       |     3 |    17 |    34 |    30 |    17 ||   101
       Invisible         |       |       |       |       |       |     1 |       |       ||     1
  Eat: Chunk             |       |     7 |    17 |    21 |    45 |    35 |    47 |    14 ||   186
       Ration            |       |       |     2 |     2 |     6 |    10 |    11 |     3 ||    34
Armor: Robe              |     5 |    13 |    30 |       |    50 |    96 |    59 |    30 ||   283
       Leather armour    |       |       |    10 |     9 |       |       |       |       ||    19
       Troll leather arm |       |       |       |    16 |    17 |       |       |       ||    33
       Skin              |       |       |       |     6 |       |       |     1 |       ||     7
       Fire dragon scale |       |       |       |       |    17 |       |       |       ||    17
Dodge: Dodged            |    23 |    76 |   229 |   193 |   430 |   490 |   417 |   207 ||  2065
Block: Buckler           |       |       |    28 |    83 |   119 |       |       |       ||   230
       Kite shield       |       |       |       |       |   313 |  1102 |   857 |   369 ||  2641
       Reflection        |       |       |       |       |    18 |    41 |   114 |     8 ||   181
